AoeStats
← Joxer The Mighty

Arena

509772346Analyzed
1v1 RM · 5d ago on Sep 28, 2026· 54m 52s· 2 players
Game mode
Random Map
Map size
Tiny (2 player)
Population
200
Speed
Normal
Resources
Standard
Victory
Conquest
Starting age
Dark Age
Ending age
Imperial Age
RankedLock teamsTeams togetherTeam positionsShared explorationLock speedFull tech treeHidden civsTurbo modeCheats
Victory
Defeat
🇺🇸 Khmer · United States
1536
+12
🇧🇷 Varangians · Brazil
1452
-12
EmPeRoR_NuNu
10:38 Feudal Age
14:10 Castle Age
12:25 Double-Bit Axe
13:57 Horse Collar
14:13 Light Cavalry
17:44 Loom
22:42 Wheelbarrow
22:21 Bow Saw
22:49 Heavy Plow
28:04 Imperial Age
26:05 Gold Mining
26:32 Bloodlines
26:56 Hand Cart
26:52 Husbandry
27:28 Scale Barding Armor
27:34 Forging
31:15 Chain Barding Armor
31:46 Gold Shaft Mining
31:52 Elite Ballista Elephant
32:24 Fletching
33:00 Ballistics
33:46 Chemistry
34:48 Bodkin Arrow
34:53 Padded Archer Armor
35:01 Siege Engineers
35:24 Conscription
35:16 Hussar
37:43 Masonry
38:12 Bracer
38:56 Architecture
38:33 Double Crossbow
39:54 Iron Casting
41:56 Plate Barding Armor
44:23 Onager
45:25 Town Watch
47:01 Capped Ram
49:51 Crop Rotation
50:40 Blast Furnace
51:30 Siege Ram
Joxer The Mighty
10:09 Feudal Age
12:21 Double-Bit Axe
12:18 Horse Collar
14:48 Castle Age
12:35 Double-Bit Axe
15:56 Bow Saw
19:46 Horse Collar
20:16 Pikeman
21:50 Scale Mail Armor
22:51 Heavy Plow
23:16 Forging
24:48 Wheelbarrow
24:39 Squires
26:27 Iron Casting
26:37 Arson
27:59 Loom
28:26 Gold Mining
29:47 Hand Cart
33:16 Imperial Age
34:03 Chain Mail Armor
33:39 Fletching
35:06 Two-Man Saw
33:45 Capped Ram
34:37 Stone Mining
35:49 Plate Mail Armor
36:19 Blast Furnace
36:38 Conscription
36:26 Bodkin Arrow
37:03 Ballistics
37:24 Fervor
37:56 Stone Shaft Mining
37:11 Town Watch
37:07 Halberdier
37:26 Siege Ram
38:34 Siege Engineers
39:30 Chemistry
38:11 Treadmill Crane
38:35 Padded Archer Armor
38:51 Town Patrol
40:52 Bracer
40:16 Elite Varangian Guard
40:48 Gambesons
42:01 Masonry
41:53 Murder Holes
49:24 Architecture
49:05 Fortified Wall
Connection lost

Rejoining the realm…

Still unreachable

The connection could not be restored.

Session expired

The server has moved on; the page needs a fresh start.